 Dungeon Crawl Stone Soup version 0.20.0 (webtiles) character file.

56140 edsrzf the Thrower (level 14, 0/186 HPs)
             Began as a Demigod Assassin on May 28, 2017.
             Slain by an orc knight
             ... wielding a +0 halberd
              (13 damage)
             ... on level 1 of the Orcish Mines on May 29, 2017.
             The game lasted 01:24:27 (27623 turns).

edsrzf the Thrower (Demigod Assassin)              Turns: 27623, Time: 01:24:27

Health: 0/186      AC: 33    Str: 25    XL:     14   Next: 7%
Magic:  21/21      EV:  2    Int: 17    God:
Gold:   1202       SH:  0    Dex: 21    Spells: 13/13 levels left

rFire    . . .     SeeInvis .   w - +1 long sword
rCold    . . .     Gourm    .   N - +2 buckler
rNeg     + + +     Faith    .   (armour currently unavailable)
rPois    +         Spirit   .   (helmet currently unavailable)
rElec    .         Reflect  +   (cloak currently unavailable)
rCorr    .         Harm     .   (gloves currently unavailable)
MR       +....     NoTele   +   (boots currently unavailable)
Stlth    +.........             Y - +4 amulet of reflection
Regen    0.5/turn               W - +6 ring of protection
MPRegen  0.2/turn               V - ring "Meoghar" {Str+5 Dex+4}

@: confused, tree-form, berserk cooldown, slowed, very slow
A: high mp 1, sense surroundings 1
a: no special abilities


You were on level 1 of the Orcish Mines.
You were not hungry.
You were a tree.
You visited 3 branches of the dungeon, and saw 19 of its levels.

You collected 1225 gold pieces.
You spent 23 gold pieces at shops.

Inventory:

Hand Weapons
 a - a +2 dagger
 b - a +0 blowgun
 w - a +1 long sword (weapon)
 R - a +1 falchion of flaming
Missiles
 c - a curare-tipped needle {=f}
 e - 11 poisoned needles
 B - a throwing net {=f}
 F - 4 needles of sleeping
 G - 32 tomahawks
 M - 5 javelins (quivered)
Armour
 f - a +2 robe of positive energy (melded)
 m - a +1 pair of boots of running (melded)
 p - a scarf of spirit shield (melded)
 N - a +2 buckler (worn)
Jewellery
 A - an uncursed amulet of rage
 O - an uncursed ring of protection from magic
 Q - an uncursed ring of resist corrosion
 T - an uncursed ring of protection from cold
 V - the ring "Meoghar" (right branch) {Str+5 Dex+4}
   (You found it on level 10 of the Dungeon)

   [ring of strength]

   It affects your strength (+5).
   It affects your dexterity (+4).
 W - a +6 ring of protection (left branch)
 Y - a +4 amulet of reflection (around neck)
Wands
 h - a wand of disintegration (15/24)
 i - a wand of confusion (24/48)
 L - a wand of acid (4/15)
 S - a wand of paralysis (12/24)
Scrolls
 d - 4 scrolls of identify {@r1}
 j - 4 scrolls of magic mapping
 o - a scroll of enchant armour
 q - 2 scrolls of recharging {@r4}
 t - 5 scrolls of amnesia
 z - 6 scrolls of remove curse {@r2}
 C - 3 scrolls of fog
 I - a scroll of blinking
 K - 2 scrolls of enchant weapon
 P - a scroll of summoning
 Z - a scroll of teleportation {@r3}
Potions
 l - 6 potions of haste
 n - 2 potions of flight
 s - a potion of berserk rage {!q}
 x - 4 potions of curing
 D - 3 potions of brilliance
 E - a potion of might
 J - 2 potions of mutation {!q}
 X - a potion of resistance
Books
 u - a book of Enchantments
 U - a book of Conjurations
Comestibles
 g - 8 bread rations
 k - 7 royal jellies
 r - 16 meat rations
 v - 37 fruits


   Skills:
 + Level 11.4 Fighting
 - Level 3.5(8.5) Short Blades
 + Level 11.7(12.0) Long Blades
 + Level 12.3 Throwing
 + Level 9.3 Dodging
 - Level 3.6 Stealth
 - Level 4.0 Shields
 - Level 5.1 Evocations


You had 13 spell levels left.
You didn't know any spells.

Dungeon Overview and Level Annotations

Branches:
Dungeon (11/15)            Temple (0/1) D:5            Lair (6/6) D:8
  Swamp (0/4) Lair:3       Spider (0/4) Lair:2        Slime (0/5) Lair:5
    Orc (2/2) D:11            Elf (0/3) Orc:2

Shops:
D:7 *   D:11 [[%%

Annotations:
D:3 enarc13's ghost, amateur OpEn
D:4 Grinder
D:6 Sigmund
Lair:6 exclusion: manticore


Innate Abilities, Weirdness & Mutations

You have an increased reservoir of magic. (+10% MP)
((You have large cloven feet.))
((You have a pair of small horns on your head.))
You passively map a small area around you.
((Your system is resistant to poisons. (rPois)))


Message History

There is a stone staircase leading up, spattered with blood here.
Unknown command.
The orc wizard no longer looks unusually strong.
The orc wizard hits you but does no damage.
The orc warrior closely misses you. The orc wizard barely misses you.
The orc knight hits you but does no damage.
You block the orc warrior's attack.
You climb upwards.
There is a stone staircase leading down, spattered with blood here.
Okay, then.
Okay, then.
Unknown command.
You hit the orc knight but do no damage.
Your headbutt misses the orc knight.
The orc knight is moderately wounded.
The orc wizard completely misses you.
You riposte.
You slash the orc wizard!
You kill the orc wizard!
You block the orc knight's attack. You block the orc warrior's attack.
You barely miss the orc knight.
You headbutt the orc knight, but do no damage.
The orc knight is lightly wounded.
The orc knight no longer looks unusually strong.
The orc knight hits you with a halberd. You block the orc warrior's attack.
You closely miss the orc knight.
You headbutt the orc knight, but do no damage.
The orc knight is lightly wounded.
You block the orc knight's attack. The orc warrior completely misses you.
You hit the orc knight.
The orc knight is moderately wounded.
The orc knight hits you with a halberd! You block the orc warrior's attack.
You barely miss the orc warrior. You headbutt the orc warrior.
The orc warrior is lightly wounded.
You block the orc knight's attack. You block the orc warrior's attack.
You hit the orc warrior.
The orc warrior is moderately wounded.
The orc knight misses you. The orc warrior completely misses you.
You slash the orc warrior!
You headbutt the orc warrior, but do no damage.
The orc warrior is almost dead.
The orc warrior no longer looks unusually strong.
The orc warrior hits you with a dire flail!
* * * LOW HITPOINT WARNING * * *
The orc knight hits you with a halberd!
* * * LOW HITPOINT WARNING * * *
Okay, then.
Okay, then.
Unknown command.
Evoke which item? (* to show all) (? for menu, Esc to quit)
Aiming: Paralyse (will waste charges)
Press: ? - help, Shift-Dir - straight line, f - orc warrior
Aim: an orc warrior, wielding a dire flail and wearing a chain mail (almost dead, chance to defeat MR: 61%)
Okay, then.
Unknown command.
Okay, then.
Unknown command.
You turn into a tree.
Your scarf of spirit shield melds into your body.
Your +1 pair of boots of running melds into your body.
Your +2 robe of positive energy melds into your body.
You feel strangely alone.
You feel rather sluggish.
You feel less protected from negative energy.
Your roots penetrate the ground.
The orc warrior noisily shouts encouragement to no one in particular.
You block the orc warrior's attack. The orc knight hits you with a halberd!
* * * LOW HITPOINT WARNING * * *
The orc warrior hits you but does no damage.
Unknown command.
You closely miss the orc warrior.
The orc warrior is almost dead.
The orc knight hits you with a halberd!
* * * LOW HITPOINT WARNING * * *
The orc warrior hits you with a dire flail.
* * * LOW HITPOINT WARNING * * *
Unknown command.
Okay, then.
Okay, then.
Unknown command.
Okay, then.
Evoke which item? (* to show all) (? for menu, Esc to quit)
Okay, then.
Okay, then.
Okay, then.
Unknown command.
Okay, then.
Okay, then.
You are confused.
You feel invigorated. The orc knight hits you with a halberd!
* * * LOW HITPOINT WARNING * * *
The orc warrior hits you but does no damage.
The orc knight hits you but does no damage.
You cannot move. (Use ctrl+direction to attack without moving.)
You swing at nothing.
The orc warrior hits you but does no damage.
The orc knight hits you with a halberd.
* * * LOW HITPOINT WARNING * * *
You barely miss the orc warrior.
The orc warrior is almost dead.
The orc warrior hits you but does no damage.
The orc knight hits you with a halberd!
You die...

#.........#..................##
##...............#.....#......#
##....................#......##
#.........)..............##..##
##.##..................[.##...#
#####..#..)...[[....#...###..##
..##......)........#.....#...#
...............o[)......#....##
...............[♣))...........#
..........[[[..o[[[..........##
...............[[[[...........#
......#.......................#
..............................#
.##...........................#
###......................#....#
##....#....#...............##
###.###..###...#...#.##.###


You could see an orc knight and an orc warrior.

Vanquished Creatures
  2 orc warlords
  6 dire elephants (Lair:6)
  4 hydras
  An anaconda (Lair:6)
  A catoblepas (Lair:4)
  2 two-headed ogres
  2 death yaks (Lair:4)
  An orc high priest (Orc:1)
  Nergalle (Lair:4)
  3 orc knights (Orc:1)
  A manticore (Lair:4)
  2 orc sorcerers (Orc:1)
  2 cyclopes (D:11)
  12 elephants
  4 black mambas
  6 spiny frogs
  7 komodo dragons
  6 rime drakes
  3 trolls
  2 polar bears
  14 blink frogs
  2 slime creatures (D:9)
  6 dream sheep
  15 hippogriffs
  2 spriggans (Lair:2)
  A wraith (D:10)
  3 redbacks (Lair:2)
  23 yaks
  Eustachio (D:6)
  5 wyverns
  9 basilisks
  A steam dragon (D:11)
  2 wargs (Orc:1)
  2 insubstantial wisps (Lair:3)
  5 water moccasins
  5 porcupines
  2 ice beasts
  25 orc warriors
  2 sky beasts
  4 necrophages
  3 black bears
  14 ogres
  4 phantoms
  14 wolves
  6 centaurs
  7 crocodiles
  5 big kobolds
  15 bullfrogs
  5 scorpions
  8 killer bees
  3 howler monkeys (D:9)
  2 jellies
  4 electric eels (D:11)
  2 bullfrog zombies
  3 crimson imps
  3 hounds
  A quasit (D:8)
  16 orc priests
  2 gnoll shamans
  19 orc wizards
  2 centaur zombies
  2 bullfrog skeletons
  A centaur skeleton (D:6)
  3 iguanas
  5 worker ants
  2 hell rats (Lair:4)
  2 hound zombies
  A worker ant zombie (D:8)
  15 gnolls
  9 adders
  6 river rats (Lair:4)
  A shadow imp (D:5)
  2 adder skeletons (D:5)
  An adder zombie (D:6)
  A worm (D:2)
  A dart slug (D:1)
  106 orcs
  3 giant cockroaches (D:2)
  12 goblins
  10 hobgoblins
  6 jackals
  5 quokkas
  A ball python (D:8)
  7 bats
  5 frilled lizards
  18 kobolds
  A leopard gecko skeleton (D:4)
  A leopard gecko zombie (D:5)
  10 rats
  2 plants (Lair:6)
574 creatures vanquished.

Vanquished Creatures (others)
  An orc (Orc:1)
  25 fungi
  10 plants
36 creatures vanquished.

Grand Total: 610 creatures vanquished

Notes
Turn   | Place    | Note
-------+----------+-------------------------------------------
     0 | D:1      | edsrzf the Demigod Assassin began the quest for the Orb.
     0 | D:1      | Reached XP level 1. HP: 17/17 MP: 3/3
   115 | D:1      | Reached skill level 2 in Fighting
   142 | D:1      | Reached skill level 2 in Short Blades
   215 | D:1      | Reached XP level 2. HP: 24/24 MP: 4/4
   256 | D:1      | Reached skill level 2 in Throwing
   524 | D:1      | Reached XP level 3. HP: 27/30 MP: 5/5
   750 | D:2      | Found a faded altar of an unknown god.
   766 | D:2      | Found an opulent altar of Gozag.
   975 | D:2      | Found a basalt altar of Yredelemnul.
   988 | D:2      | Found a blossoming altar of Fedhas.
  1275 | D:2      | Noticed an earth elemental
  1277 | D:2      | Found a stormy altar of Qazlal.
  1278 | D:2      | Noticed a water elemental
  1278 | D:2      | Noticed an air elemental
  1278 | D:2      | Noticed a fire elemental
  1570 | D:2      | Found an iron altar of Okawaru.
  1665 | D:3      | Reached XP level 4. HP: 31/37 MP: 4/6
  2143 | D:2      | Reached skill level 3 in Short Blades
  2143 | D:2      | Reached skill level 3 in Throwing
  2231 | D:3      | Noticed enarc13's ghost (amateur OpEn)
  2276 | D:4      | Identified 5 scrolls of teleportation
  2278 | D:4      | Identified 3 scrolls of identify
  2278 | D:4      | Identified 2 potions of haste
  2279 | D:4      | Identified 2 potions of mutation
  2280 | D:4      | Gained mutation: Scrolls take you a little longer to read. [potion of mutation]
  2280 | D:4      | Gained mutation: You occasionally shout uncontrollably at your foes. [potion of mutation]
  2280 | D:4      | Gained mutation: You evolve. [potion of mutation]
  2280 | D:4      | Gained mutation: Your spells are a little harder to cast, but a little more powerful. [potion of mutation]
  2281 | D:4      | Lost mutation: You evolve. [potion of mutation]
  2281 | D:4      | Lost mutation: You occasionally shout uncontrollably at your foes. [potion of mutation]
  2281 | D:4      | Lost mutation: Your spells are a little harder to cast, but a little more powerful. [potion of mutation]
  2281 | D:4      | Lost mutation: Scrolls take you a little longer to read. [potion of mutation]
  2281 | D:4      | Gained mutation: You have large cloven feet. [potion of mutation]
  2281 | D:4      | Gained mutation: You have a pair of small horns on your head. [potion of mutation]
  2281 | D:4      | Gained mutation: Your system is resistant to poisons. (rPois) [potion of mutation]
  2281 | D:4      | Gained mutation: You passively map a small area around you. [potion of mutation]
  2299 | D:4      | Identified a +0 pair of boots of running (You found it on level 4 of the Dungeon)
  2406 | D:4      | Reached skill level 3 in Fighting
  2406 | D:4      | Reached XP level 5. HP: 45/45 MP: 7/7
  2806 | D:4      | Noticed Grinder
  2828 | D:4      | Reached skill level 1 in Evocations
  2987 | D:4      | Found a shimmering altar of Xom.
  3087 | D:5      | Entered Level 5 of the Dungeon
  3209 | D:5      | Identified a potion of flight
  3210 | D:5      | Identified a potion of degeneration
  3221 | D:5      | Reached XP level 6. HP: 44/51 MP: 9/9
  3346 | D:4      | You fall through a shaft for 2 floors!
  3398 | D:6      | Reached skill level 2 in Evocations
  3409 | D:6      | Reached skill level 3 in Evocations
  4044 | D:5      | Reached skill level 4 in Evocations
  4084 | D:5      | Found a staircase to the Ecumenical Temple.
  4249 | D:5      | Reached XP level 7. HP: 57/57 MP: 13/13
  4405 | D:5      | Reached skill level 5 in Evocations
  4980 | D:6      | Noticed Sigmund
  4993 | D:6      | Reached skill level 1 in Long Blades
  4993 | D:6      | Reached skill level 4 in Throwing
  5195 | D:6      | Reached skill level 4 in Fighting
  5240 | D:6      | Found an ancient bone altar of Kikubaaqudgha.
  5304 | D:6      | Noticed Eustachio
  5344 | D:6      | Killed Eustachio
  5344 | D:6      | Reached skill level 2 in Long Blades
  5484 | D:6      | Reached XP level 8. HP: 37/67 MP: 9/15
  5487 | D:6      | Found a hide-covered altar of Uskayaw.
  5487 | D:6      | Found a hazy altar of Hepliaklqana.
  5904 | D:6      | Reached skill level 3 in Long Blades
  6094 | D:7      | Reached skill level 5 in Throwing
  6169 | D:7      | Reached skill level 5 in Fighting
  6574 | D:7      | Found Boidafoy's Assorted Antiques.
  6578 | D:7      | Bought a scroll labeled AGUS MEYNEDD for 23 gold pieces
  6781 | D:7      | Reached skill level 4 in Long Blades
  7467 | D:8      | Reached skill level 6 in Throwing
  7473 | D:8      | Reached XP level 9. HP: 57/72 MP: 14/16
  7596 | D:8      | Reached skill level 6 in Fighting
  7983 | D:8      | Reached skill level 5 in Long Blades
  8359 | D:8      | Found a staircase to the Lair.
  8691 | D:8      | Reached skill level 7 in Fighting
  8691 | D:8      | Reached skill level 7 in Throwing
  8738 | D:8      | Reached skill level 6 in Long Blades
  8986 | D:8      | Noticed a two-headed hydra
  8994 | D:8      | Killed a one-headed hydra
  8994 | D:8      | Reached XP level 10. HP: 66/86 MP: 12/17
  9235 | D:9      | Noticed a two-headed ogre
  9254 | D:9      | Killed a two-headed ogre
  9254 | D:9      | Reached skill level 8 in Throwing
  9451 | D:9      | Identified a potion of berserk rage
  9452 | D:9      | Identified a potion of brilliance
  9496 | D:9      | Found a glowing golden altar of the Shining One.
  9652 | D:9      | Identified 2 potions of lignification
  9667 | D:9      | Reached skill level 8 in Fighting
  9682 | D:9      | Reached skill level 7 in Long Blades
 10266 | D:10     | Entered Level 10 of the Dungeon
 10341 | D:10     | Noticed a two-headed ogre
 10540 | D:10     | Identified a potion of might
 10550 | D:10     | Reached skill level 1 in Dodging
 11304 | D:10     | Killed a two-headed ogre
 11304 | D:10     | Reached skill level 2 in Dodging
 11802 | D:10     | Got a clouded amber ring
 11804 | D:10     | Identified the ring "Meoghar" {Str+5 Dex+4} (You found it on level 10 of the Dungeon)
 11952 | Lair:1   | Entered Level 1 of the Lair of Beasts
 11960 | Lair:1   | Reached skill level 9 in Throwing
 11970 | Lair:1   | Noticed a four-headed hydra
 12000 | Lair:1   | Killed a one-headed hydra
 12000 | Lair:1   | Reached skill level 8 in Long Blades
 12000 | Lair:1   | Reached skill level 3 in Dodging
 12000 | Lair:1   | Reached XP level 11. HP: 10/95 MP: 1/18
 13588 | Lair:1   | Identified a potion of resistance
 13687 | Lair:1   | Reached skill level 4 in Dodging
 13688 | Lair:1   | Identified 3 scrolls of magic mapping
 13689 | Lair:1   | Identified 4 scrolls of fear
 13690 | Lair:1   | Identified 5 scrolls of amnesia
 13691 | Lair:1   | Identified 3 scrolls of immolation
 13692 | Lair:1   | Identified 4 scrolls of remove curse
 13693 | Lair:1   | Identified 3 scrolls of fog
 13694 | Lair:1   | Identified 2 scrolls of enchant weapon
 14199 | Lair:2   | Identified a scroll of enchant armour
 14689 | Lair:2   | Identified a scroll of recharging
 14724 | Lair:2   | Reached skill level 1 in Shields
 14932 | Lair:2   | Reached skill level 2 in Shields
 15112 | Lair:2   | Found a hole to the Spider Nest.
 15226 | Lair:2   | Reached skill level 3 in Shields
 15602 | Lair:3   | Reached skill level 4 in Shields
 15652 | Lair:3   | Reached skill level 9 in Long Blades
 15726 | Lair:3   | Found a staircase to the Swamp.
 15885 | Lair:3   | Reached skill level 5 in Dodging
 16183 | Lair:3   | Identified 2 scrolls of summoning
 16469 | Lair:4   | Reached skill level 10 in Throwing
 16590 | Lair:4   | Noticed Nergalle
 16657 | Lair:4   | Killed Nergalle
 16661 | Lair:4   | Reached skill level 9 in Fighting
 16782 | Lair:4   | Reached XP level 12. HP: 101/104 MP: 19/19
 17206 | Lair:4   | Reached skill level 6 in Dodging
 17510 | Lair:4   | Identified a potion of ambrosia
 18550 | Lair:4   | Noticed a catoblepas
 18569 | Lair:4   | Reached skill level 10 in Long Blades
 18684 | Lair:4   | Killed a catoblepas
 18927 | Lair:4   | Reached skill level 7 in Dodging
 19663 | Lair:5   | Found a staircase to the Slime Pits.
 19664 | Lair:5   | Found a viscous altar of Jiyva.
 19695 | Lair:5   | Reached skill level 10 in Fighting
 19695 | Lair:5   | Reached skill level 11 in Throwing
 19907 | Lair:5   | Identified a scroll of holy word
 20461 | Lair:5   | Identified a scroll of random uselessness
 20626 | Lair:6   | Entered Level 6 of the Lair of Beasts
 20886 | Lair:6   | Noticed a seven-headed hydra
 20937 | Lair:6   | Reached XP level 13. HP: 69/113 MP: 17/20
 22323 | Lair:6   | Reached skill level 8 in Dodging
 22764 | Lair:6   | Noticed a dire elephant
 22779 | Lair:6   | Killed a dire elephant
 22843 | Lair:6   | Noticed a dire elephant
 22857 | Lair:6   | Killed a dire elephant
 22857 | Lair:6   | Reached skill level 11 in Long Blades
 22911 | Lair:6   | Noticed a dire elephant
 22921 | Lair:6   | Killed a dire elephant
 22931 | Lair:6   | Noticed a dire elephant
 23009 | Lair:6   | Killed a dire elephant
 23389 | Lair:6   | Noticed a dire elephant
 23389 | Lair:6   | Noticed a dire elephant
 23402 | Lair:6   | Killed a dire elephant
 23413 | Lair:6   | Killed a dire elephant
 23959 | D:11     | Reached skill level 11 in Fighting
 24335 | D:11     | Reached skill level 12 in Throwing
 24469 | D:11     | Found Muhegid's Antique Armour Shoppe.
 24473 | D:11     | Found Putres's Food Shoppe.
 24475 | D:11     | Found Tekk's Antique Armour Shoppe.
 24475 | D:11     | Found Kuqe's Food Shoppe.
 24843 | D:11     | Found a staircase to the Orcish Mines.
 24905 | Orc:1    | Entered Level 1 of the Orcish Mines
 25230 | Orc:1    | Noticed an orc warlord
 25251 | Orc:1    | Killed an orc warlord
 25272 | Orc:1    | Reached skill level 9 in Dodging
 25619 | Orc:1    | Found a roughly hewn altar of Beogh.
 26117 | Orc:2    | Entered Level 2 of the Orcish Mines
 26295 | Orc:2    | Noticed an orc warlord
 26987 | Orc:1    | Reached XP level 14. HP: 13/124 MP: 3/21
 27606 | Orc:2    | Killed an orc warlord
 27620 | Orc:1    | HP: 9/186 [orc warrior/dire flail (5)]
 27623 | Orc:1    | Slain by an orc knight

Skill      XL: |  1  2  3  4  5  6  7  8  9 10 11 12 13 |
---------------+----------------------------------------+-----
Fighting       | 2 3 4 5 7 8 9 10 11 | 11.4
Short Blades   | 2 3 |  3.5
Throwing       | 2 3 4 6 7 9 10 11 12 | 12.3
Evocations     | 1 4 5 |  5.1
Long Blades    | 2 4 6 8 9 10 11 | 11.7
Dodging        | 3 5 7 9 |  9.3
Shields        | 4 |  4.0
Stealth        | |  3.6

Action                   |  1- 3 |  4- 6 |  7- 9 | 10-12 | 13-15 || total
-------------------------+-------+-------+-------+-------+-------++-------
Melee: Dagger            |   140 |   220 |    56 |    46 |       ||   462
       Headbutt          |       |    29 |   128 |   351 |   333 ||   841
       Long sword        |       |       |   316 |   822 |   739 ||  1877
       Falchion          |       |       |     4 |     8 |    21 ||    33
 Fire: Blowgun           |     5 |    17 |    23 |    23 |       ||    68
Throw: Tomahawk          |       |     3 |    20 |   101 |     5 ||   129
       Javelin           |       |       |       |    15 |     9 ||    24
 Abil: Evoke Berserk Rag |       |     1 |       |     4 |     6 ||    11
Evoke: Wand              |       |     2 |     2 |     2 |     6 ||    12
  Use: Scroll            |       |     7 |       |    28 |     2 ||    37
       Potion            |       |     2 |     4 |     4 |     6 ||    16
 Stab: Sleeping          |     7 |     5 |     7 |     7 |     1 ||    27
       Confused          |       |       |     1 |     3 |       ||     4
       Distracted        |       |       |     1 |     2 |     2 ||     5
       Paralysed         |       |       |       |     1 |       ||     1
  Eat: Chunk             |     2 |     9 |    13 |    29 |    23 ||    76
       Royal jelly       |       |       |     1 |     6 |     2 ||     9
Armor: Robe              |    19 |    19 |    54 |   179 |   111 ||   382
       Skin              |       |       |       |   124 |     5 ||   129
Dodge: Dodged            |    77 |   100 |   281 |   497 |   437 ||  1392
Block: Buckler           |       |       |       |   205 |   372 ||   577
       Reflection        |       |       |       |       |     9 ||     9
       Rpst.: Long sword |       |       |    79 |   130 |   117 ||   326
       Falchion          |       |       |     1 |     1 |     6 ||     8
